 Dungeon Crawl Stone Soup version 0.22.1-1-ga44c0e5 (webtiles) character file.

78 tv1990 the Poker (level 3, -1/29 HPs)
             Began as a Demigod Skald on Oct 30, 2018.
             Slain by an adder (3 damage)
             ... on level 2 of the Dungeon.
             The game lasted 00:05:57 (2849 turns).

tv1990 the Poker (Demigod Skald)                    Turns: 2849, Time: 00:05:58

Health: -1/29      AC:  6    Str: 12    XL:     3   Next: 94%
Magic:  7/8        EV: 14    Int: 17    God:
Gold:   107        SH:  0    Dex: 18    Spells: 2/5 levels left

rFire    . . .     SeeInvis .   a - +0 spear
rCold    . . .     Gourm    .   (no shield)
rNeg     . . .     Faith    .   e - +0 scale mail
rPois    .         Spirit   .   (no helmet)
rElec    .         Reflect  .   (no cloak)
rCorr    .         Harm     .   (no gloves)
MR       .....                  (no boots)
Stlth    +.........             (no amulet)
HPRegen  0.09/turn              (no ring)
MPRegen  0.11/turn              (no ring)

@: agile, lethally poisoned (-1 -> -14), singing
A: clumsy 2, high mp 1, weak 1, evolution 1
a: no special abilities


You were on level 2 of the Dungeon.
You were not hungry.

You visited 1 branch of the dungeon, and saw 3 of its levels.

You collected 107 gold pieces.

Inventory:

Hand Weapons
 a - a +0 spear (weapon)
Armour
 b - a +0 leather armour
 e - a +0 scale mail (worn)
 g - a scarf of spirit shield
Jewellery
 j - an uncursed amulet of harm {unknown}
Scrolls
 h - 4 scrolls of identify
 k - a scroll of remove curse
Potions
 c - a potion of brilliance
Comestibles
 d - 7 rations


   Skills:
 - Level 1.7 Fighting
 + Level 4.1 Polearms
 - Level 0.8 Armour
 - Level 1.7 Dodging
 - Level 1.7 Spellcasting
 - Level 2.6 Charms


You had 2 spell levels left.
You knew the following spells:

 Your Spells              Type           Power        Failure   Level  Hunger
a - Infusion              Chrm           ##..         34%         1    #......
b - Song of Slaying       Chrm           ##......     47%         2    ###....

Your spell library contained the following spells:

 Spells                   Type           Power        Failure   Level  Hunger
 Shroud of Golubria       Chrm/Tloc      #.........   67%         2    ###....
 Regeneration             Chrm/Necr      #.........   88%         3    ###....
 Spectral Weapon          Hex/Chrm       #.......     88%         3    ###....


Dungeon Overview and Level Annotations

Branches:
Dungeon (3/15)


Innate Abilities, Weirdness & Mutations

You have an increased reservoir of magic. (+10% MP)
You are very clumsy. (Dex -4)
You are weak. (Str -2)
You evolve.


Message History

Okay, then.
As you read the scroll labeled EMIMNU BEOBIORCH, it crumbles to dust.
It is a scroll of identify.
k - a scroll of remove curse
* * * LOW HITPOINT WARNING * * *
You feel sick. The rat bites you but does no damage.
The adder barely misses you.
The rat twitches its whiskers.
The rat closely misses you.
You hit the rat.
You kill the rat!
* * * LOW HITPOINT WARNING * * *
You feel sick. The rat completely misses you.
The adder bites you but does no damage. The adder bites you.
* * * LOW HITPOINT WARNING * * *
You are more poisoned.
The adder poisons you! The rat bites you but does no damage.
The adder bites you.
You die...

(.....................#
#.....##..............#
#..#..###.............#
..###..##.####........#
..###.....# #.#..#####
...#...#### #..)....######
.......## ##...........#
........#######.r.........#
..............'.@>........#
.........######..S........#
.........# ######'######
.........# #.#####
.........# #.#...#
........## #.#.#.#
####'#### #.#.#.# #.#
#.#.#.# #.# #.#.#.#


You could see an adder and a rat.

Vanquished Creatures
  3 adders (D:2)
  An ooze (D:2)
  A worm (D:2)
  2 leopard geckos
  2 giant cockroaches (D:1)
  7 goblins
  4 hobgoblins (D:1)
  4 jackals (D:1)
  A ball python (D:1)
  3 bats
  2 frilled lizards (D:2)
  4 kobolds
  9 rats
43 creatures vanquished.

Notes
Turn   | Place    | Note
-------+----------+-------------------------------------------
     0 | D:1      | tv1990 the Demigod Skald began the quest for the Orb.
     0 | D:1      | Reached XP level 1. HP: 17/17 MP: 5/5
   132 | D:1      | Reached skill level 2 in Polearms
   484 | D:1      | Reached XP level 2. HP: 1/24 MP: 7/7
   950 | D:1      | Reached skill level 3 in Polearms
  1318 | D:1      | Learned a level 2 spell: Song of Slaying
  1527 | D:2      | Reached XP level 3. HP: 9/29 MP: 8/8
  1774 | D:2      | Found a shadowy altar of Dithmenos.
  2175 | D:2      | Found a basalt altar of Yredelemnul.
  2399 | D:2      | Reached skill level 4 in Polearms
  2845 | D:2      | Gained mutation: You are weak. (Str -2) [potion of
                  | mutation]
  2845 | D:2      | Gained mutation: You are clumsy. (Dex -2) [potion of
                  | mutation]
  2845 | D:2      | Gained mutation: You are very clumsy. (Dex -4) [potion of
                  | mutation]
  2845 | D:2      | Gained mutation: You evolve. [potion of mutation]
  2849 | D:2      | Slain by an adder

Skill      XL: |  1  2  3 |
---------------+----------+-----
Polearms       | 2 3 4 |  4.1
Fighting       | |  1.7
Armour         | |  0.8
Dodging        | |  1.7
Spellcasting   | |  1.7
Charms         | |  2.6

Action                   || total
-------------------------++-------
Melee: Spear             ||   211
 Cast: Infusion          ||     1
       Song of Slaying   ||     1
  Use: Potion            ||     6
       Scroll            ||     2
 Stab: Sleeping          ||     1
  Eat: Chunk             ||     6
Armor: Leather armour    ||    14
       Scale mail        ||    35
Dodge: Dodged            ||   108

Vault maps used:
D:1:      scummos_arrival_hexagon
D:2:      yredelemnul_altar_generic, nicolae_dithmenos_shadow_blocks
